 Dungeon Crawl Stone Soup version 0.26.1-16-g4e020e15dc (webtiles) character file.

Game seed: 13522622105722410922

952 BiteMe the Firebug (level 7, -5/47 HPs)
             Began as a Demonspawn Fire Elementalist on Apr 7, 2023.
             Was an Initiate of Vehumet.
             Slain by an ogre
             ... wielding the +3 great mace "Trog's Fury" {vamp, Int+2}
              (21 damage)
             ... on level 3 of the Dungeon on Apr 8, 2023.
             The game lasted 01:00:42 (10708 turns).

BiteMe the Firebug (Demonspawn Fire Elementalist)  Turns: 10708, Time: 01:00:43

Health: -5/47      AC:  6    Str:  8    XL:     7   Next: 90%
Magic:  0/15       EV: 12    Int: 19    God:    Vehumet [......]
Gold:   232        SH:  0    Dex: 13    Spells: 12/16 levels left

rFire    + . .     SeeInvis .   l - +1 short sword (drain)
rCold    x . .     Faith    .   (no shield)
rNeg     . . .     Spirit   +   (no armour)
rPois    .         Reflect  .   (helmet restricted)
rElec    .         Harm     .   (no cloak)
rCorr    .         Rampage  .   (no gloves)
Will     .....                  (no boots)
Stlth    ++........             (no amulet)
HPRegen  0.15/turn              o - ring of fire
MPRegen  0.14/turn              (no ring)

@: mighty, sanguine armour
A: antennae 2, spiny 1, magic shield, sanguine armour 1
a: Renounce Religion


You were on level 3 of the Dungeon.
You worshipped Vehumet.
Vehumet was noncommittal.
You visited 2 branches of the dungeon, and saw 6 of its levels.

You collected 232 gold pieces.

Inventory:

Hand Weapons
 c - a +0 hand axe
 d - a +0 dagger
 f - a +0 short sword
 g - a +0 war axe
 l - a +1 short sword of draining (weapon)
 r - a +0 mace
 x - a +0 whip
 y - a +0 halberd
 A - a cursed -1 dagger
 C - a +0 dagger of venom
 D - the +4 short sword "Ynkaym Sir" {freeze, Dex+2 SInv, unknown}
   (You found it on level 5 of the Dungeon)

   It has been specially enchanted to freeze those struck by it, causing extra
   injury to most foes and up to half again as much damage against particularly
   susceptible opponents.
   It can also slow down cold-blooded creatures.
   It affects your dexterity (+2).
   It lets you see invisible.
 G - a +0 falchion
Missiles
 h - 22 poisoned darts
 p - 10 boomerangs
 s - 22 bolts
 F - 40 arrows
 I - 5 javelins
Armour
 a - a +0 robe
 K - a +0 robe of resistance
Jewellery
 o - a ring of fire (left hand)
 J - an uncursed amulet of regeneration {unknown}
Wands
 w - a wand of paralysis (17)
 z - a wand of digging (8)
 B - a wand of enslavement (5)
Scrolls
 b - a scroll of enchant armour {unknown}
 i - 3 scrolls of magic mapping {unknown}
 m - 2 scrolls of immolation {unknown}
 n - 3 scrolls of remove curse {unknown}
 t - 3 scrolls of amnesia
 u - 2 scrolls of teleportation {unknown}
 H - a scroll of fog {unknown}
Potions
 e - 3 potions of lignification
 j - a potion of might
 k - 4 potions of curing
 q - a potion of attraction
 v - 3 potions of heal wounds
 E - a potion of ambrosia {unknown}
 L - a potion of haste {unknown}


   Skills:
 + Level 0.6 Fighting
 + Level 1.1 Short Blades
 + Level 2.3 Dodging
 - Level 1.9 Stealth
 + Level 5.4 Spellcasting
 + Level 3.8 Conjurations
 * Level 5.5 Fire Magic


You had 12 spell levels left.
You knew the following spells:

 Your Spells              Type           Power        Failure   Level
a - Foxfire               Conj/Fire      100%         1%          1
b - Conjure Flame         Conj/Fire      34%          5%          3

Your spell library contained the following spells:

 Spells                   Type           Power        Failure   Level
 Corona                   Hex            5%           12%         1
 Inner Flame              Hex/Fire       23%          12%         3
 Dazzling Flash           Conj/Hex       24%          16%         3
 Sticky Flame             Conj/Fire      34%          17%         4
 Ensorcelled Hibernation  Hex/Ice        10%          19%         2
 Confusing Touch          Hex            5%           34%         3
 Tukima's Dance           Hex            5%           34%         3
 Fireball                 Conj/Fire      17%          43%         5


Dungeon Overview and Level Annotations

Branches:
Dungeon (5/15)             Temple (1/1) D:5

Altars:
Ashenzari
Cheibriados
Fedhas
Gozag
Hepliaklqana
Kikubaaqudgha
Nemelex Xobeh
Qazlal
Sif Muna
Trog
Vehumet
Wu Jian
Xom
Zin
The Shining One

Shops:
D:5 :

Annotations:
D:3 1 transporter, ty64800's ghost, amateur TrAr


Innate Abilities, Weirdness & Mutations

You have a pair of antennae on your head.
You are partially covered in sharp spines.
When hurt, damage is shared between your health and your magic reserves.
When seriously injured, your bleeding wounds create armour. (AC +6)


Message History

Ty64800's ghost is severely damaged.
Casting: Foxfire (safe; 1% risk of failure)
Press: ? - help, Q - select action, (/) - cycle Dir - look around, f - activate You feel a surge of power!
You conjure some foxfire!
The ogre hits you with the +3 great mace "Trog's Fury" {vamp, Int+2}!!
* * * LOW HITPOINT WARNING * * *
The ogre draws strength from your wounds!
Ty64800's ghost wails.
Ty64800's ghost is struck by your spines.
Ty64800's ghost barely misses you.
You feel much better.
The foxfire hits the ogre!
The ogre is moderately wounded.
The foxfire hits the ogre.
The ogre is heavily wounded.
Ty64800's ghost barely misses you.
The ogre hits you with the +3 great mace "Trog's Fury" {vamp, Int+2}!
The ogre draws strength from your wounds!
Ty64800's ghost screams, "Do you think the gods will protect you?"
The ogre hits you with the +3 great mace "Trog's Fury" {vamp, Int+2}!!
You die...

#.##.# ##.# ####.##.# ##.
#.†..##.# ## #.#####.#
#.# ############# #.#
#.....©[....# ##.##
#O#O.#.#..#.####
##...###WO##...##..##.##
#.....##@.##...##..#.#.##
#.....##.#..#.#..#.##...(
#.....##©....$$....#...##
##...################.##
#.####.....©.©.....#.#
#.# ######........(.# #.#
##...####### #.# #####
#.###


You could see 3 ogres and ty64800's ghost.

Vanquished Creatures
  Sigmund (D:3)
  An ice beast (D:5)
  2 bullfrog zombies (D:5)
  5 orc wizards
  2 orc priests (D:4)
  A bullfrog skeleton (D:4)
  2 hounds (D:5)
  2 worker ants
  A worker ant zombie (D:5)
  7 gnolls
  12 adders
  An ooze (D:2)
  3 adder skeletons
  4 worms
  A dart slug (D:1)
  2 leopard geckos
  4 orcs
  5 ball pythons
  7 bats
  10 giant cockroaches
  11 goblins
  6 hobgoblins
  2 jackals (D:3)
  6 quokkas
  6 frilled lizards
  12 kobolds
  7 rats
123 creatures vanquished.

Vanquished Creatures (others)
  402 foxfires
402 creatures vanquished.

Grand Total: 525 creatures vanquished

Notes
Turn   | Place    | Note
-------+----------+-------------------------------------------
     0 | D:1      | BiteMe the Demonspawn Fire Elementalist began the quest for
                  | the Orb.
     0 | D:1      | Reached XP level 1. HP: 13/13 MP: 3/3
   170 | D:1      | Gained mutation: You are partially covered in sharp spines.
                  | [demonic ancestry]
   170 | D:1      | Reached XP level 2. HP: 17/19 MP: 1/5
  1286 | D:1      | Reached XP level 3. HP: 24/24 MP: 4/6
  2809 | D:2      | Gained mutation: When hurt, damage is shared between your
                  | health and your magic reserves. [demonic ancestry]
  2809 | D:2      | Reached XP level 4. HP: 26/30 MP: 3/8
  5031 | D:3      | Found a bloodstained altar of Trog.
  5126 | D:3      | HP: 1/30 [gnoll/+0 halberd (13)]
  5144 | D:3      | Gained mutation: When seriously injured, your bleeding
                  | wounds create armour. (AC +6) [demonic ancestry]
  5144 | D:3      | Reached XP level 5. HP: 13/35 MP: 0/10
  6102 | D:3      | Noticed Sigmund
  6121 | D:3      | Killed Sigmund
  6122 | D:3      | Gained mutation: You have a pair of small antennae on your
                  | head. [demonic ancestry]
  6122 | D:3      | Reached XP level 6. HP: 39/41 MP: 5/12
  6293 | D:3      | Found a transporter.
  6296 | D:3      | Noticed ty64800's ghost (amateur TrAr)
  6301 | D:3      | Found a transporter.
  6301 | D:3      | Identified the +3 great mace "Trog's Fury" {vamp, Int+2}
  7477 | D:4      | Learned a level 3 spell: Conjure Flame
  8013 | D:4      | Gained mutation: You have a pair of antennae on your head.
                  | [demonic ancestry]
  8013 | D:4      | Reached XP level 7. HP: 42/46 MP: 9/14
  8486 | D:5      | Entered Level 5 of the Dungeon
  8557 | D:5      | Got a scorched short sword
  8779 | D:4      | Reached skill level 5 in Spellcasting
  8810 | D:4      | Reached skill level 5 in Fire Magic
  8989 | D:5      | Reached skill level 1 in Short Blades
  9055 | D:5      | Found Keilicip's Book Boutique.
 10280 | D:5      | Found a staircase to the Ecumenical Temple.
 10289 | Temple   | Entered the Ecumenical Temple
 10400 | Temple   | Became a worshipper of Vehumet
 10706 | D:3      | HP: 1/47 [ogre/the +3 great mace "Trog's Fury" {vamp,
                  | Int+2} (20)]
 10708 | D:3      | Slain by an ogre

Illustrated notes

Levels and vault maps discovered:
D:1:      lightli_arrival_farm, layout_basic
D:2:      layout_rooms, minmay_quadrilaterals
D:3:      layout_loops_ring, marbit_many_paths, gammafunk_ghost_smash,
          serial_glass, glass_columns_b, glass_columns_a, uniq_sigmund
D:4:      layout_gridville
D:5:      layout_gridville, temple_hall, serial_shops, shop
Temple:   dpeg_five_rooms_temple

Skill      XL: |  1  2  3  4  5  6  7 |
---------------+----------------------+-----
Fire Magic     | 3 4 5 |  5.5
Dodging        | 2 |  2.3
Spellcasting   | 3 4 5 |  5.4
Conjurations   | 2 3 |  3.8
Short Blades   | 1 |  1.1
Fighting       | |  0.6
Stealth        | |  1.9

Action                   |  1- 3 |  4- 6 |  7- 9 || total
-------------------------+-------+-------+-------++-------
Melee: Short sword       |     7 |    14 |     3 ||    24
 Cast: Foxfire           |    55 |   105 |    68 ||   228
       Conjure Flame     |       |       |     2 ||     2
  Use: Potion            |       |     4 |     2 ||     6
       Scroll            |       |     9 |       ||     9
Armor: Robe              |       |     4 |     1 ||     5
       Skin              |       |       |     1 ||     1
Dodge: Dodged            |    20 |    24 |    12 ||    56
